 Dungeon Crawl Stone Soup version 0.22-a0-322-g60b3cfd (webtiles) character file.

232 RoseArtemis the Chopper (level 5, -1/48 HPs)
             Began as a Minotaur Fighter on Apr 5, 2018.
             Slain by a sky beast (6 damage)
             ... on level 4 of the Dungeon.
             The game lasted 00:05:03 (2163 turns).

RoseArtemis the Chopper (Minotaur Fighter)          Turns: 2163, Time: 00:05:04

Health: -1/48      AC:  7    Str: 21    XL:     5   Next: 73%
Magic:  4/4        EV:  7    Int:  6    God:
Gold:   93         SH:  9    Dex:  9    Spells: 4/4 levels left

rFire    . . .     SeeInvis .   a - +0 war axe
rCold    . . .     Gourm    .   c - +0 shield
rNeg     . . .     Faith    .   b - +0 scale mail
rPois    .         Spirit   .   (helmet restricted)
rElec    .         Reflect  .   q - scarf {repulsion}
rCorr    .         Harm     .   (no gloves)
MR       .....                  (no boots)
Stlth    ..........             (no amulet)
HPRegen  0.16/turn              (no ring)
MPRegen  0.09/turn              (no ring)

@: repel missiles
A: retaliatory headbutt, horns 2
a: no special abilities


You were on level 4 of the Dungeon.
You were not hungry.

You visited 1 branch of the dungeon, and saw 4 of its levels.

You collected 93 gold pieces.

Inventory:

Hand Weapons
 a - a +0 war axe (weapon)
Armour
 b - a +0 scale mail (worn)
 c - a +0 shield (worn)
 q - a scarf of repulsion (worn)
Wands
 r - a wand of clouds (6)
Scrolls
 e - a scroll of random uselessness {unknown}
 h - a scroll of fear {unknown}
 j - a scroll of enchant weapon {unknown}
 k - a scroll of magic mapping
 l - a scroll of fog {unknown}
 n - a scroll of remove curse {unknown}
 p - a scroll of noise {unknown}
 t - a scroll of immolation {unknown}
 u - a scroll of identify
Potions
 d - a potion of might
 i - 2 potions of heal wounds
 m - 3 potions of curing
 o - a potion of lignification
 s - a potion of mutation {unknown}
Comestibles
 f - 7 rations
 g - 3 chunks of flesh


   Skills:
 + Level 5.0 Fighting
 * Level 5.4 Axes
 + Level 5.0 Armour
 - Level 3.6 Shields


You had 4 spell levels left.
You didn't know any spells.

Dungeon Overview and Level Annotations

Branches:
Dungeon (4/15)
 Temple: D:4-7

Altars:
Ashenzari
Elyvilon
Okawaru
Sif Muna


Innate Abilities, Weirdness & Mutations

You reflexively headbutt those who attack you in melee.
You have a pair of horns on your head.


Message History

The sky beast is lightly wounded.
The sky beast hits you but does no damage.
Your shield and scale mail prevent you from hitting the sky beast.
The sky beast is lightly wounded.
The sky beast flickers out of sight!
Deactivating autopickup; reactivate with Ctrl-A.
Something hits you but does no damage.
You hit something. You headbutt something. Something hits you.
Something shocks you. Something hits you. Something shocks you.
You miss something. You headbutt something! Something hits you.
* * * LOW HITPOINT WARNING * * *
Something shocks you.
* * * LOW HITPOINT WARNING * * *
You hit something but do no damage. Your headbutt misses something.
A sky beast appears from thin air!
Reactivating autopickup.
The sky beast hits you.
* * * LOW HITPOINT WARNING * * *
The sky beast shocks you.
You die...

#. #.#.# #.#.#
##########
#.#.####....Y@..#
#.#.#......####>#
.###.....##.#.# #
.........##.#.#
............#.#
######.#.####.#
#.#.# #.# #.#..
..# ##'#### ##


You could see a sky beast.

Vanquished Creatures
  The ghost of Anon1729 the Gusty, an amateur DsAE (D:3)
  A hound (D:2)
  5 adders
  2 worms
  7 dart slugs
  3 leopard geckos
  3 orcs (D:3)
  4 giant cockroaches
  4 hobgoblins
  3 jackals (D:2)
  A quokka (D:3)
  9 bats
  2 frilled lizards (D:2)
  7 goblins
  6 kobolds
  8 rats
66 creatures vanquished.

Vanquished Creatures (others)
  A hobgoblin (D:2)
1 creature vanquished.

Grand Total: 67 creatures vanquished

Notes
Turn   | Place    | Note
-------+----------+-------------------------------------------
     0 | D:1      | RoseArtemis the Minotaur Fighter began the quest for the Orb.
     0 | D:1      | Reached XP level 1. HP: 19/19 MP: 0/0
   128 | D:1      | Reached XP level 2. HP: 20/27 MP: 1/1
   453 | D:1      | Reached XP level 3. HP: 32/33 MP: 2/2
  1001 | D:2      | Reached XP level 4. HP: 41/41 MP: 3/3
  1219 | D:2      | Found a white marble altar of Elyvilon.
  1446 | D:3      | Found a shattered altar of Ashenzari.
  1496 | D:3      | Reached XP level 5. HP: 43/47 MP: 4/4
  1570 | D:3      | Noticed Anon1729's ghost (amateur DsAE)
  1575 | D:3      | Killed Anon1729's ghost
  1575 | D:3      | Reached skill level 5 in Fighting
  1575 | D:3      | Reached skill level 5 in Axes
  1975 | D:3      | Reached skill level 5 in Armour
  2126 | D:4      | Found an iron altar of Okawaru.
  2126 | D:4      | Found a deep blue altar of Sif Muna.
  2146 | D:4      | Noticed a sky beast
  2163 | D:4      | Slain by a sky beast

Vault maps used:
D:1:      co_arrival_random_square_maze, serial_bayou, serial_bayou_shore_a,
          serial_bayou_shore_b, serial_bayou_pond_b, serial_bayou_lagoon_b
D:2:      elyvilon_altar_4, minivault_26
D:3:      first_ration, ashenzari_altar_1
D:4:      lemuel_crystal_altar, nicolae_overflow_hidden_temple, serial_shops,
          kennysheep_mini

Skill      XL: |  1  2  3  4  5 |
---------------+----------------+-----
Axes           | 3 4 5 |  5.4
Fighting       | 4 5 |  5.0
Armour         | 4 5 |  5.0
Shields        | |  3.6

Action                   |  1- 3 |  4- 6 || total
-------------------------+-------+-------++-------
Melee: War axe           |    70 |    88 ||   158
       Headbutt          |     9 |    10 ||    19
  Use: Scroll            |     1 |     6 ||     7
  Eat: Chunk             |       |     4 ||     4
Armor: Scale mail        |    40 |    43 ||    83
Dodge: Dodged            |    21 |    29 ||    50
Block: Shield            |    32 |    39 ||    71

Table legend:
 A = Spawn XP
 B = Non-spawn XP
 C = Spawn XP percentage of total XP
 D = Spawn monster count
 E = Non-spawn monster count
 F = Spawn count percentage of total count
 G = Total turns spent on level
                    A         B        C        D         E        F      G
               +---------+---------+-------+---------+---------+-------+---------
         Total |       0 |     332 |   0.0 |       0 |      66 |   0.0 |  2163
               +---------+---------+-------+---------+---------+-------+---------
           D:1 |       0 |      54 |   0.0 |       0 |      26 |   0.0 |   887
           D:2 |       0 |     127 |   0.0 |       0 |      23 |   0.0 |   546
           D:3 |       0 |     147 |   0.0 |       0 |      16 |   0.0 |   656
           D:4 |       0 |       4 |   0.0 |       0 |       1 |   0.0 |    74
               +---------+---------+-------+---------+---------+-------+---------
